[Event "*** Titled Tuesday Blitz"]
[Site "Chess.com"]
[Date "2018.05.01"]
[Round "1"]
[White "MFBerna"]
[Black "temiksmozg"]
[Result "0-1"]
[WhiteElo "2278"]
[BlackElo "2583"]
[TimeControl "180+2"]
[EndTime "13:09:26 PDT"]
[Termination "temiksmozg won on time"]

1. e4 e6 2. d4 d5 3. Nd2 Nf6 4.
exd5 exd5 5. Ngf3 Bd6 6. Bd3 O-O 7. O-O Bg4 8. h3 Bh5 9. c3 c6 10. Qc2 Nbd7 11. Nh4 Re8 12. Nf5 Bf8 13. Ng3 Bg6 14.
Nf3 Ne4 15. Bf4 Qf6 16. Bd2 Bd6 17. Rae1 Bxg3 18. fxg3 Nxg3 19. Rxe8+ Rxe8 20. Rf2 Bxd3 21. Qxd3 Ne4 22. Rf1 Ng3 23. Rf2 Qg6 24. Qxg6 hxg6 25. Kh2 Ne4 26. Re2 f6 27. Be1 Kf7 28. g4 g5 29. Kg2 Nf8 30. Re3 Ng6 31. Bg3 b6 32. Bh2 Nf4+ 33. Bxf4 gxf4 34. Re1 g5 35. h4 c5 36.
dxc5 bxc5 37. h5 f5 38. Nh2 Kf6 39. Kf3 Nd2+ 40. Kf2 Rxe1 41. Kxe1 Nc4 42. gxf5 Kxf5 43. h6 Kg6 44. Ng4 Nxb2 45. Kd2 Nc4+ 46. Kd3 a5 47. h7 Kxh7 0-1

[Event "*** Titled Tuesday Blitz"]
[Site "Chess.com"]
[Date "2018.05.01"]
[Round "1"]
[White "severomorskij"]
[Black "LoydBlankenship"]
[Result "0-1"]
[WhiteElo "2660"]
[BlackElo "2375"]
[TimeControl "180+2"]
[EndTime "13:09:27 PDT"]
[Termination "LoydBlankenship won on time"]

1. d4 Nf6 2. c4 g6 3. Nc3 Bg7 4. e4 O-O 5. Bd3 d6 6. Nge2 c5 7. d5 e6 8. Bg5 h6 9. Bh4 Qa5 10. O-O exd5 11. exd5 Nbd7 12. f4 Re8 13. h3 a6 14. a4 Qd8 15. Qc2 Nf8 16. Rae1 Qd7 17. Kh1 N8h7 18. a5 Qc7 19. Ra1 Bd7 20. Ng3 Re7 21.
Nge4 Rae8 22. Nxf6+ Nxf6 23. Kh2 Kh7 24. Ne4 Nxe4 25. Bxe7 f5 26. Bxe4 fxe4 27. Bh4 Bd4 28. Qe2 Bc8 29. g4 Qg7 30. Rab1 Bd7 31. b4 Bc8 32. bxc5 Bxc5 33. Bg3 Qd4 34. f5 g5 35. f6 Kg6 36. f7 Rf8 37. Rbe1 e3 38. Qf3 Kg7 39. Re2 Bd7 40. Rc2 Ba4 41. Re2 Bb3 42. Rxe3 Bxc4 43. Re4 Bxd5 44. Rxd4 Bxf3 45. Rxd6 Be2 46. Re1 Bb5 47. Rd5 Bb4 48. Rb1 Bxa5 49. Rdxb5 axb5 50. Rxb5 Bc3 0-1

[Event "*** Titled Tuesday Blitz"]
[Site "Chess.com"]
[Date "2018.05.01"]
[Round "1"]
[White "chidori_boruto"]
[Black "PlotnikovPavel"]
[Result "1/2-1/2"]
[WhiteElo "2538"]
[BlackElo "2263"]
[TimeControl "180+2"]
[EndTime "13:09:33 PDT"]
[Termination "Game drawn by repetition"]

1. d4 e6 2. Bf4 f5 3. e3 Nf6 4. Nf3 b6 5. Be2 Bb7 6. O-O Be7 7. h3 O-O 8. c4 d6 9. Nc3 Ne4 10.
Rc1 Nd7 11. Bh2 Ndf6 12. b4 a5 13. a3 axb4 14. axb4 Nxc3 15. Rxc3 Ne4 16. Rc1 Qd7 17. Nd2 Nxd2 18. Qxd2 Rf6 19. Ra1 Qc8 20. Rfc1 Rg6 21. Bf1 Be4 22. c5 bxc5 23. bxc5 Qb7 24. Rxa8+ Qxa8 25. f4 h6 26. cxd6 cxd6 27. g3 Bh4 28. Kf2 Bd8 29.
Qc3 Kh7 30. Qc8 Qa5 31. Qc3 Qa2+ 32. Be2 Bh4 33. Ra1 Qd5 34. Bh5 Bh1 35. Bxg6+ Kxg6 36. Rg1 Qf3+ 37. Ke1 Bd8 38. Rf1 Qg2 39. Rf2 Qe4 40. g4 Bf3 41. gxf5+ exf5 42. Kd2 Kh7 43. Qd3 Qd5 44.
Rxf3 Qxf3 45. Qxf5+ Kg8 46. Qe6+ Kh7 47. Qf5+ Kg8 48.
Qe6+ Kh7 49. Qf5+ Kg8 50. Qe6+ Kh7 51. Qf5+ Kg8 52. Qe6+ Kh7 53. Qf5+ 1/2-1/2

[Event "*** Titled Tuesday Blitz"]
[Site "Chess.com"]
[Date "2018.05.01"]
[Round "1"]
[White "DrVelja"]
[Black "wadsy27"]
[Result "1-0"]
[WhiteElo "2537"]
[BlackElo "2228"]
[TimeControl "180+2"]
[EndTime "13:09:34 PDT"]
[Termination "DrVelja won by resignation"]

1. e4 e6 2. d4 d5 3. Nc3 Bb4 4. e5 c5 5. a3 Bxc3+ 6. bxc3 Qa5 7. Bd2 Qa4 8. Qg4 g6 9. Nf3 Nc6 10. Ra2 b6 11. c4 Nge7 12. dxc5 bxc5 13. Bd3 Ba6 14.
O-O Bxc4 15. Be3 d4 16. Bxc4 Qxc4 17. Rb2 Qc3 18. Bc1 Rb8 19. Rxb8+ Nxb8 20. Qe4 Qa5 21. Bg5 Nbc6 22. Bf6 Rg8 23. Rb1 Qc7 24. Qd3 Kd7 25. Ng5 Rb8 26. Re1 Qa5 27. Kf1 Qb5 28. Qxb5 Rxb5 29. Nxf7 Rb2 30. Rc1 Nd5 31. Ng5 c4 32.
Ne4 Kc7 33. Nc5 Kb6 34. Nxe6 d3 35. cxd3 cxd3 36. Nd8 Nxd8 37. Bxd8+ Kb5 38. e6 d2 39. Rd1 Kc4 40. e7 Nxe7 41. Bxe7 Kd3 42. Bb4 Rc2 43. Rxd2+ Rxd2 44. Bxd2 Kxd2 45. g3 Kc3 46. f4 Kb3 47. g4 Kc4 48. Ke2 Kd4 49. Kf3 a5 50. a4 Kc5 51. f5 Kb4 52. Kf4 Kxa4 53. f6 1-0

[Event "*** Titled Tuesday Blitz"]
[Site "Chess.com"]
[Date "2018.05.01"]
[Round "1"]
[White "SipkeErnst"]
[Black "Kawhi_Leonard2"]
[Result "1-0"]
[WhiteElo "2510"]
[BlackElo "2170"]
[TimeControl "180+2"]
[EndTime "13:09:46 PDT"]
[Termination "SipkeErnst won by resignation"]

1. d4 Nf6 2. c4 c5 3. d5 e6 4. Nc3 exd5 5. cxd5 d6 6. e4 g6 7.
Nf3 Bg7 8. h3 a6 9. a4 Nbd7 10.
Bf4 Qe7 11. Bd3 O-O 12. O-O Ne8 13. Re1 Ne5 14. Be2 Nc7 15. Qd2 Re8 16. Nxe5 Bxe5 17.
Bg5 f6 18. Be3 Bd7 19. f4 Bxc3 20. Qxc3 b5 21. Rad1 b4 22. Qc1 Bxa4 23. Rd2 Bb5 24.
Bf3 a5 25. Bf2 Qg7 26. g4 a4 27. f5 a3 28. bxa3 Rxa3 29. Bg2 Rea8 30. Bxc5 dxc5 31.
Qxc5 Ra1 32. Rxa1 Rxa1+ 33. Kh2 Qh6 34. Rf2 Qc1 35. Qxb4 Qg1+ 36. Kg3 Rb1 37. Qc3 Ne8 38. g5 fxg5 39. f6 Qc1 40. f7+ Kf8 41. Qh8+ Ke7 42.
f8=N Rb3+ 43. Kh2 g4 44. Nxg6+ hxg6 45. Qe5+ Kd8 46. hxg4 Qh6+ 47. Kg1 Rb1+ 48. Bf1 Bxf1 49. Rxf1 Qe3+ 50. Kg2 Rb2+ 51. Qxb2 Qxe4+ 52. Kg3 Qe3+ 53. Rf3 Qe1+ 54. Qf2 Qe5+ 55. Rf4 g5 56. Qb6+ Nc7 57. Qf6+ Qxf6 58. Rxf6 Nxd5 59. Rd6+ Ke7 60. Rxd5 1-0

[Event "*** Titled Tuesday Blitz"]
[Site "Chess.com"]
[Date "2018.05.01"]
[Round "1"]
[White "MatthewG-p4p"]
[Black "DishonorOnYourCow"]
[Result "1/2-1/2"]
[WhiteElo "2595"]
[BlackElo "2297"]
[TimeControl "180+2"]
[EndTime "13:09:52 PDT"]
[Termination "Game drawn by repetition"]

1. c4 e5 2. Nc3 d6 3. g3 g6 4.
Bg2 Bg7 5. e3 f5 6. Nge2 Nf6 7.
O-O O-O 8. d3 Nc6 9. Rb1 a5 10.
a3 Ne7 11. b4 axb4 12. axb4 c6 13. b5 Be6 14. bxc6 bxc6 15. f4 exf4 16. Nxf4 Bf7 17. Bb2 d5 18. cxd5 cxd5 19. Nb5 Ng4 20. Bxg7 Kxg7 21. Qd2 Qa5 22. Qe2 Rab8 23. Nd6 Qc5 24.
Nxf7 Kxf7 25. d4 Qc3 26. Nxd5 Nxd5 27. Bxd5+ Kg7 28. Bf3 Nxe3 29. Rxb8 Rxb8 30. Re1 Re8 31. d5 Qd4 32. Kh1 f4 33. gxf4 Qxf4 34. Qf2 Ng4 35.
Qb2+ Kh6 36. Rf1 Qg5 37. Rg1 Rd8 38. Rxg4 Qe3 39. Rh4+ Kg5 40. Qg2+ Kf6 41. Rc4 Rb8 42. Rc6+ Kg7 43. Be4 Ra8 44. Qb2+ Kg8 45. Bb1 Qe1+ 46.
Kg2 Rf8 47. Rf6 Rxf6 48. Qxf6 Qxb1 49. Qe6+ Kg7 50. d6 Qc2+ 51. Kf3 Qc3+ 52. Ke4 Qc2+ 53. Kd4 Qb2+ 54. Kc5 Qc3+ 55. Kb6 Qb4+ 56. Kc7 Qa5+ 57. Kc6 Qa6+ 58. Kc5 Qa7+ 59. Kd5 Qa2+ 60. Ke5 Qe2+ 61. Kd5 Qa2+ 62. Ke5 Qe2+ 63. Kd5 Qa2+ 64. Ke5 1/2-1/2

[Event "*** Titled Tuesday Blitz"]
[Site "Chess.com"]
[Date "2018.05.01"]
[Round "1"]
[White "MITerryble"]
[Black "sergeikim"]
[Result "1-0"]
[WhiteElo "2663"]
[BlackElo "2340"]
[TimeControl "180+2"]
[EndTime "13:09:53 PDT"]
[Termination "MITerryble won by resignation"]

1. d4 Nf6 2. Nf3 g6 3. Bg5 Bg7 4. Nbd2 d6 5. c3 Nbd7 6. e4 e5 7. dxe5 dxe5 8. Qc2 O-O 9. Be2 h6 10. Bh4 Re8 11. O-O c6 12. Rfe1 Qc7 13. Rad1 Nc5 14.
Bg3 Nh5 15. b4 Ne6 16. Nc4 Nxg3 17. hxg3 Ng5 18. Nxg5 hxg5 19. Qc1 Bf6 20. Qe3 Be6 21. a4 b6 22. Rd2 Rad8 23. Red1 Rxd2 24. Rxd2 Rd8 25.
Nb2 Rxd2 26. Qxd2 Qd8 27. Qxd8+ Bxd8 28. Bc4 Bd7 29. b5 Kf8 30. Nd3 Bc7 31. Nb4 cxb5 32. axb5 Ke7 33. Kf1 Bd6 34. Nd5+ Kf8 35. Nf6 Ke7 36. Nxd7 Kxd7 37. Bxf7 Bc5 38. Bxg6 Ke6 39.
Bf5+ Kf6 40. Ke2 Ke7 41. Bh7 Kf6 42. Bg8 Kg7 43. Bd5 Kf6 44. Kf3 Ke7 45. Bc4 Kf6 46. g4 Ke7 47. g3 Kf6 48. Ke2 Ke7 49. f4 exf4 50. gxf4 gxf4 51. g5 Be3 52. e5 Bc1 53. Kf3 Bd2 54. Bd5 Bxc3 55. Kxf4 Bd2+ 56. Kf5 Bc1 57.
g6 Bh6 58. Bf7 Bg7 59. Ke4 Kd7 60. Kd5 Ke7 61. Kd4 Kd7 62. Bc4 Ke7 63. Kd5 Kd7 64.
Bd3 Ke7 65. Bf5 Bh8 66. Be6 Bg7 67. Bf7 Bh8 68. e6 Bg7 69. Kc6 Bd4 70. Kb7 Kf8 71.
Kxa7 Bc5 72. Kb7 Bd4 73. Kc7 Bc5 74. Kd7 Bb4 75. g7+ Kxg7 76. e7 1-0

[Event "*** Titled Tuesday Blitz"]
[Site "Chess.com"]
[Date "2018.05.01"]
[Round "1"]
[White "Angulo07"]
[Black "AlexanderL"]
[Result "0-1"]
[WhiteElo "2243"]
[BlackElo "2554"]
[TimeControl "180+2"]
[EndTime "13:09:54 PDT"]
[Termination "AlexanderL won by resignation"]

1. d4 Nf6 2. Bg5 d5 3. Nd2 c5 4. dxc5 e6 5. Nb3 Nbd7 6. e3 Nxc5 7. Nf3 Nce4 8. Bb5+ Bd7 9. Bxd7+ Qxd7 10. O-O Nxg5 11. Nxg5 Be7 12. Rc1 Rc8 13. Nf3 O-O 14. Ne5 Qc7 15.
f4 Bd6 16. Nd3 Qb6 17. Nd4 Ne4 18. Qe2 Be7 19. c3 Bf6 20. Rcd1 Qa6 21. a3 Rfe8 22. Rf3 Nd6 23. Rg3 g6 24. Kh1 Bg7 25. Rh3 Qb6 26. Nf3 Qc7 27. Nd2 a5 28. e4 dxe4 29. Nxe4 Nxe4 30. Qxe4 Red8 31. Re3 Rd5 32. Re2 Rcd8 33.
Red2 Qd6 34. c4 Rd4 35. Qxb7 Rxc4 36. Qf3 Rd4 37. Kg1 Qb6 38. Qf2 Qb3 39. Qe2 R4d5 40.
g3 a4 41. Kg2 h5 42. Qe4 Rd4 43. Qf3 Qd5 44. Qxd5 R4xd5 45. Kf3 Bxb2 46. Ke2 Bg7 47. Nc5 Rxd2+ 48. Rxd2 Rxd2+ 49. Kxd2 Bf8 50. Nxa4 Bxa3 51. Kd3 Kf8 52. Nc3 Ke7 53. Ke4 Bc5 54. Ne2 f5+ 55. Kf3 Kf6 56. Nc3 g5 57. h4 g4+ 58. Kg2 Ke7 59. Nb5 Kd7 60. Nc3 Kc6 61. Na4 Bd4 62. Kf1 Kb5 63. Nb2 Bxb2 0-1

[Event "*** Titled Tuesday Blitz"]
[Site "Chess.com"]
[Date "2018.05.01"]
[Round "1"]
[White "Caterpiller35"]
[Black "Koksik_13"]
[Result "1-0"]
[WhiteElo "2219"]
[BlackElo "2507"]
[TimeControl "180+2"]
[EndTime "13:10:11 PDT"]
[Termination "Caterpiller35 won by checkmate"]

1. d4 e6 2. Nf3 Nf6 3. Bf4 Be7 4. e3 O-O 5. Nbd2 b6 6. Bd3 Bb7 7. h3 c5 8. O-O d5 9. c3 Nbd7 10. Re1 Re8 11. Qc2 Nf8 12. Ne5 Rc8 13. Qa4 a5 14.
Bb5 Ng6 15. Nxg6 hxg6 16. Bxe8 Nxe8 17. dxc5 bxc5 18. Rad1 Bd6 19. Bxd6 Nxd6 20. e4 d4 21. cxd4 cxd4 22. Qxd4 Qe7 23. Nb3 Nb5 24. Qb6 Bc6 25. Nxa5 Be8 26. a4 Nc7 27. Rc1 Bxa4 28. Nc6 Bxc6 29.
Rxc6 Kh7 30. Qb7 Rd8 31. Rxc7 Qg5 32. Rxf7 Qe5 33. f4 Qd4+ 34. Kh2 Rg8 35. e5 Qf2 36. Rc1 Kh6 37. Rcc7 Rd8 38. Qf3 Qxf3 39. gxf3 g5 40. fxg5+ Kxg5 41. Kg3 Rd1 42. h4+ Kh5 43. Rxg7 Rg1+ 44.
Kf4 Rd1 45. Rg5+ Kh6 46. Rcg7 Rd4+ 47. Kg3 Rd1 48. R7g6+ Kh7 49. Rxe6 Rd2 50. Kf4 Rxb2 51. Rf6 Rb3 52. e6 Rb7 53. Rf7+ Kh6 54. Kf5 Rb5+ 55.
Kf6 Rf5+ 56. Ke7 Ra5 57. Rgf5 Ra7+ 58. Kf6 Ra6 59. Rf4 Rb6 60. Rd7 Ra6 61. Kf7 Ra4 62.
Rxa4 Kh5 63. Rg4 Kh6 64. Kf6 Kh5 65. Rh7# 1-0

[Event "*** Titled Tuesday Blitz"]
[Site "Chess.com"]
[Date "2018.05.01"]
[Round "1"]
[White "PrinceMurad09"]
[Black "FabianoCaruana"]
[Result "0-1"]
[WhiteElo "2402"]
[BlackElo "2816"]
[TimeControl "180+2"]
[EndTime "13:10:13 PDT"]
[Termination "FabianoCaruana won by resignation"]

1. e4 e6 2. d3 d5 3. Qe2 Nf6 4. Nf3 Nc6 5. e5 Nd7 6. c4 Nb6 7. g3 Bc5 8. Bg2 O-O 9. O-O h6 10. h4 Qe7 11. Nc3 Rd8 12. Bf4 a6 13. Rad1 Nd4 14. Nxd4 Bxd4 15. cxd5 exd5 16. Rfe1 Bf5 17.
Qc2 Bg6 18. Ne2 Bc5 19. Qc1 c6 20. a3 Nd7 21. d4 Bb6 22. Nc3 Nf8 23. Na4 Ba7 24.
b4 Ne6 25. Be3 f6 26. exf6 Qxf6 27. Nc5 Bxc5 28. bxc5 Rf8 29. Qb2 Rf7 30. Qd2 Raf8 31. f4 Bf5 32. Bf2 Qg6 33. Re5 Rf6 34. Rde1 h5 35. a4 R8f7 36. a5 Nf8 37. Re7 Re6 38.
Rxf7 Kxf7 39. Re5 Nd7 40. Rxe6 Bxe6 41. Qb2 Qd3 42. Qxb7 Qd1+ 43. Kh2 Qe2 44. Bg1 Kg6 45. Qb1+ Bf5 46. Qf1 Qa2 47. Qxa6 Nf6 48. Qf1 Qxa5 49. Bf3 Qa2+ 50. Qe2 Qb1 51. Qd1 Qb2+ 52. Qe2 Qb3 53.
Qe3 Qa4 54. Qe2 Be4 55. Bxe4+ dxe4 56. Bf2 Ng4+ 57. Kg2 Kf5 58. Bg1 Qb3 59. Bf2 g6 60. Bg1 Qb1 61. Bf2 e3 62. Bg1 Qe4+ 63. Qf3 e2 64.
Bf2 Nxf2 65. Kxf2 Qxf3+ 66. Kxf3 e1=Q 0-1

[Event "*** Titled Tuesday Blitz"]
[Site "Chess.com"]
[Date "2018.05.01"]
[Round "1"]
[White "Grootneus"]
[Black "VeraNebolsina"]
[Result "1-0"]
[WhiteElo "2141"]
[BlackElo "2443"]
[TimeControl "180+2"]
[EndTime "13:10:23 PDT"]
[Termination "Grootneus won by resignation"]

1. e4 e5 2. Nf3 Nf6 3. Nxe5 d6 4. Nf3 Nxe4 5. Nc3 Nf6 6. d4 Be7 7. Bd3 O-O 8. O-O h6 9. Re1 Re8 10. h3 Nbd7 11. Bf4 Nf8 12. Qd2 c6 13. Bh2 Be6 14. Ne2 Qd7 15. Nf4 Bf5 16. d5 Bxd3 17. Qxd3 c5 18.
c4 g5 19. Ne2 Ng6 20. Nc3 Bf8 21. Kf1 Nh5 22. Ne4 f5 23. Nc3 Nhf4 24. Bxf4 Nxf4 25. Qc2 Bg7 26. Rxe8+ Rxe8 27. Re1 Rxe1+ 28. Nxe1 a6 29. Nd3 Ng6 30. Nc1 b5 31. cxb5 axb5 32. b4 cxb4 33. Nd1 Ne7 34. Qd3 Qb7 35. Ne3 f4 36. Nf5 Nxf5 37.
Qxf5 Qf7 38. Qc8+ Kh7 39. Qc6 Qg6 40. Qxb5 Qc2 41. Qd3+ Qxd3+ 42. Nxd3 Bc3 43. Ke2 Kg6 44. Kd1 Kf5 45. f3 Kg6 46. Kc2 Kh5 47. Kb3 Kh4 48. Nxb4 Bd4 49. Nc2 Bf2 50. Kc4 Kg3 51.
Nd4 Kxg2 52. a4 Be1 53. Nf5 Kxf3 54. Nxd6 Kg2 55. Ne4 f3 56. d6 Ba5 57. Kb5 Bd8 58. a5 h5 59. a6 g4 60. hxg4 hxg4 61. a7 g3 62. a8=Q f2 63. Nxg3+ Kxg3 64. Qh1 1-0

[Event "*** Titled Tuesday Blitz"]
[Site "Chess.com"]
[Date "2018.05.01"]
[Round "1"]
[White "KRASAVCHIK2002"]
[Black "LastHeroJr"]
[Result "0-1"]
[WhiteElo "2040"]
[BlackElo "2443"]
[TimeControl "180+2"]
[EndTime "13:10:26 PDT"]
[Termination "LastHeroJr won by resignation"]

1. e4 e5 2. Nf3 Nc6 3. Bb5 a6 4.
Ba4 Nf6 5. O-O Be7 6. Re1 b5 7.
Bb3 O-O 8. a4 b4 9. d3 d6 10. h3 Be6 11. Nbd2 h6 12. a5 Re8 13.
c3 Rb8 14. d4 bxc3 15. bxc3 Bxb3 16. Nxb3 exd4 17. cxd4 Bf8 18. Nbd2 Rb5 19. Qc2 Nxa5 20.
Bb2 Qa8 21. Bc3 Nc6 22. d5 Nb4 23. Bxb4 Rxb4 24. Qxc7 Nxe4 25. Nxe4 Rbxe4 26. Rxe4 Rxe4 27. Qc6 Qb8 28. Rxa6 Qb1+ 29. Kh2 Re2 30. Ra8 Qe4 31.
Qxd6 Qe7 32. Qb8 Kh7 33. Qxf8 Qf6 34. Qb4 Rxf2 35. Qe4+ g6 36. Qe5 Rxf3 37. Qb8 Qf4+ 38. Qxf4 Rxf4 39. d6 Rd4 40. Rd8 Kg7 41. Kg3 Kf6 42. Rh8 h5 43. Rd8 Ke6 44. Re8+ Kxd6 45. Kf3 Kd7 46. Re3 Rd6 47. Kf4 Re6 48. Rf3 Rf6+ 49.
Ke5 Rxf3 50. gxf3 Ke7 51. f4 f6+ 52. Kd5 Kd7 53. h4 Ke7 54. Kd4 Ke6 55. Ke4 Kd6 56.
Kd4 Ke7 57. Ke4 Ke6 58. Ke3 Kd5 59. Kd3 f5 60. Ke3 Kc4 61. Kd2 Kd4 62. Ke2 Ke4 63.
Kf2 Kxf4 64. Kg2 Kg4 0-1

[Event "*** Titled Tuesday Blitz"]
[Site "Chess.com"]
[Date "2018.05.01"]
[Round "1"]
[White "cukus"]
[Black "nihalsarin"]
[Result "0-1"]
[WhiteElo "2393"]
[BlackElo "2761"]
[TimeControl "180+2"]
[EndTime "13:10:32 PDT"]
[Termination "nihalsarin won by resignation"]

1. e4 c5 2. Nf3 d6 3. d4 cxd4 4.
Nxd4 Nf6 5. Nc3 Nc6 6. Bg5 e6 7. Qd2 a6 8. O-O-O Be7 9. f4 Bd7 10. Nf3 b5 11. Bxf6 gxf6 12. Bd3 Qb6 13. Kb1 O-O-O 14.
f5 Ne5 15. Nxe5 dxe5 16. Qe1 Bc6 17. g4 h5 18. h3 b4 19. Ne2 Kc7 20. Nc1 a5 21. Qe2 hxg4 22. hxg4 Rxh1 23. Rxh1 Rd7 24. fxe6 fxe6 25. g5 fxg5 26. Qg4 Bb7 27. Rh6 Bc8 28. Qxe6 Qxe6 29. Rxe6 g4 30. Rg6 Bf8 31. Ne2 Rg7 32.
Rxg7+ Bxg7 33. Kc1 Bh6+ 34. Kd1 Kd6 35. c3 Bf4 36.
Ke1 Be6 37. a3 bxa3 38. bxa3 a4 39. Bb5 Bb3 40. Ba6 Kc5 41. Kf2 Bd1 42. Bc8 g3+ 43. Nxg3 Kc4 44. Bd7 Kxc3 45. Ne2+ Kb3 46. Nxf4 exf4 47.
e5 Kxa3 48. e6 Bg4 49. Bc8 Kb2 50. e7 Bh5 51. Be6 a3 52. Bd5 Kc3 53. Be6 Kd4 54.
Ba2 Ke5 55. Bb3 Kd6 56. Bc4 Kxe7 57. Kg2 Kd6 58. Kh3 Ke5 59. Kh4 Be2 60. Ba2 Bf3 61.
Kg5 Bd5 62. Bb1 f3 0-1

[Event "*** Titled Tuesday Blitz"]
[Site "Chess.com"]
[Date "2018.05.01"]
[Round "1"]
[White "tigra"]
[Black "Semetey"]
[Result "1-0"]
[WhiteElo "2708"]
[BlackElo "2361"]
[TimeControl "180+2"]
[EndTime "13:10:37 PDT"]
[Termination "tigra won by resignation"]

1. e4 d6 2. Nf3 Nf6 3. d3 g6 4. c4 Bg7 5. Nc3 O-O 6. h3 c5 7.
Bg5 Nc6 8. Qd2 Re8 9. Be2 a6 10. a3 Rb8 11. Rb1 b5 12. cxb5 axb5 13. b4 cxb4 14.
axb4 Bd7 15. d4 Na7 16. e5 dxe5 17. dxe5 Qc8 18. exf6 exf6 19. Be3 f5 20. Nd5 Qb7 21. O-O Nc6 22. Bf4 Rbd8 23. Bg5 Be6 24. Bxd8 Rxd8 25.
Bxb5 Qxb5 26. Nc7 Qb7 27. Qf4 Nd4 28. Nxd4 Rxd4 29. Nxe6 Rxf4 30. Nxf4 Qe4 31. g3 Bd4 32. Rfd1 Qc2 33. Nd3 g5 34. Rbc1 Qe2 35. Kg2 Qe4+ 36. Kf1 Qh1+ 37. Ke2 Qe4+ 38. Kd2 Qd5 39. Rc8+ Kg7 40.
Kc1 Qa2 41. Rc2 Qa3+ 42. Kd2 Qb3 43. Rdc1 h5 44. Rc4 Bb6 45. Rc6 Bd4 46. R1c4 Qa2+ 47. Rc2 Qa7 48. Ke2 Qe7+ 49. Kd2 Qe4 50. R6c4 Qd5 51.
Kc1 h4 52. gxh4 gxh4 53. Nf4 Qe4 54. Ng2 Qd3 55. Nxh4 Qf1+ 56. Kd2 Qxf2+ 57. Kd1 Qxh4 58. Rd2 Qh5+ 59. Kc2 Be3 60. Rg2+ Kh7 61. Rc7 Bh6 62.
Rf2 Bg7 63. Rc5 Qxh3 64. Rfxf5 Qc3+ 65. Rxc3 Bxc3 66. Kxc3 Kg6 67. Rf2 f5 68. Kd4 1-0

[Event "*** Titled Tuesday Blitz"]
[Site "Chess.com"]
[Date "2018.05.01"]
[Round "1"]
[White "Kouzari"]
[Black "WanderingPuppet"]
[Result "1-0"]
[WhiteElo "2644"]
[BlackElo "2309"]
[TimeControl "180+2"]
[EndTime "13:10:39 PDT"]
[Termination "Kouzari won by resignation"]

1. d4 Nf6 2. c4 g6 3. Nc3 Bg7 4. e4 O-O 5. f3 c5 6. dxc5 b6 7. cxb6 Qxb6 8. Bd3 Nc6 9. Nge2 e6 10. Qb3 Nb4 11. Bb1 Ba6 12. Nb5 Bxb5 13. Qxb4 Ba6 14. Qxb6 axb6 15. e5 Ne8 16. f4 Nc7 17. Be4 Ra7 18.
Be3 Rb8 19. Rc1 Bb7 20. Bxb7 Rbxb7 21. a3 Ne8 22. Rd1 Ra4 23. Rc1 Bf8 24. Kf2 Bc5 25. Rhd1 Kf8 26. Nd4 Ke7 27. Nb5 Nc7 28. b3 Ra8 29.
Bxc5+ bxc5 30. a4 Ne8 31. Rd3 Rc8 32. Rcd1 Rc6 33. g4 h6 34. h4 Ng7 35. Kf3 h5 36.
gxh5 Nxh5 37. Ke4 Ng7 38. Rd6 Nf5 39. R6d3 Nxh4 40. Rh3 Nf5 41. Rh8 Ng3+ 42. Kf3 Nf5 43. Ra8 d6 44. exd6+ Nxd6 45. Rd3 Nf5 46. a5 g5 47.
fxg5 e5 48. Ke4 Ng7 49. a6 Rbb6 50. a7 Ra6 51. Rd5 Ne6 52. Rxe5 Rcb6 53. Rb8 Rxb5 54. cxb5 Rxa7 55. b6 Ra1 56. Rb7+ Kd6 57. Rxe6+ fxe6 58. g6 Rg1 59. Rg7 Re1+ 60. Kd3 c4+ 61. Kxc4 Rc1+ 62.
Kb5 Rc5+ 63. Ka6 Rc1 64. b7 Kc6 65. Ka5 Ra1+ 66. Kb4 Ra7 67. b8=Q Rxg7 68. Qe8+ Kd5 69. Qf7 Rxf7 70. gxf7 1-0

[Event "*** Titled Tuesday Blitz"]
[Site "Chess.com"]
[Date "2018.05.01"]
[Round "1"]
[White "NormWeinstein"]
[Black "josmito10"]
[Result "0-1"]
[WhiteElo "2288"]
[BlackElo "2606"]
[TimeControl "180+2"]
[EndTime "13:10:43 PDT"]
[Termination "josmito10 won by resignation"]

1. e4 c5 2. Nf3 d6 3. Nc3 Nf6 4. e5 dxe5 5. Nxe5 Nbd7 6. Nc4 e6 7. g3 Be7 8. Bg2 O-O 9. d3 Nb6 10. O-O Nbd5 11. a4 b6 12. a5 Bb7 13. a6 Bc6 14.
Ne5 Be8 15. Nxd5 exd5 16. c4 Qc7 17. Bf4 Bd6 18. Re1 Rd8 19. cxd5 Bb5 20. Qb3 Bd7 21. d4 c4 22. Qxc4 Qxc4 23. Nxc4 Bxf4 24. gxf4 Bb5 25. Ne3 Nh5 26. f5 Nf4 27. Be4 Bd3 28. f3 Bb5 29. Kf2 Nd3+ 30. Bxd3 Bxd3 31. Rec1 Rd7 32. Rc3 Bb5 33.
Rac1 Bxa6 34. Rc7 Rfd8 35. f6 gxf6 36. Nf5 Kf8 37. Rxd7 Rxd7 38. d6 Rd8 39. Rc7 Bd3 40. Nh6 Bg6 41. d7 Ke7 42. Rxa7 f5 43. Rc7 Rxd7 44.
Rxd7+ Kxd7 45. Ke3 Ke6 46. Kf4 f6 47. h4 b5 48. b4 Kd5 49. Nxf5 Kc4 50. d5 Kxd5 51. Ne7+ Kc4 52. Nc6 Be8 53. Na7 Bd7 54. Ke4 Kxb4 55. Kd5 Ka5 56. Kd6 Kb6 57. Nxb5 Bxb5 58. Ke6 Be2 59.
f4 Kc6 60. Kxf6 Kd6 61. f5 Bd3 62. h5 Bb1 63. h6 Bc2 64. Kg5 Ke5 65. f6 Bg6 66. f7 Bxf7 0-1

[Event "*** Titled Tuesday Blitz"]
[Site "Chess.com"]
[Date "2018.05.01"]
[Round "1"]
[White "vovachesss"]
[Black "Msb2"]
[Result "1/2-1/2"]
[WhiteElo "2385"]
[BlackElo "2715"]
[TimeControl "180+2"]
[EndTime "13:10:47 PDT"]
[Termination "Game drawn by repetition"]

1. e4 e6 2. d4 d5 3. Nc3 Nf6 4.
Bd3 c5 5. Nf3 c4 6. Be2 Bb4 7.
exd5 exd5 8. O-O O-O 9. Ne5 Bxc3 10. bxc3 Ne4 11. Qe1 Re8 12. f3 Nd6 13. Qf2 f6 14.
Ng4 Bxg4 15. fxg4 Ne4 16. Qe3 Nc6 17. Bf3 Kh8 18. Bxe4 Rxe4 19. Qf3 h6 20. Rb1 Qd7 21. h3 b6 22. Bxh6 gxh6 23. Qxf6+ Kh7 24. g5 Qe6 25.
gxh6 Qxf6 26. Rxf6 Ne7 27. g4 Rg8 28. Rbf1 Rg6 29.
Rf7+ Kxh6 30. Kg2 Rg7 31. Kg3 Ng6 32. R7f5 Kh7 33. Rxd5 Re3+ 34. Rf3 Rxf3+ 35. Kxf3 Rf7+ 36. Kg3 Re7 37. Kf3 Re1 38. Rd7+ Kh6 39. Rxa7 Rc1 40. Rc7 b5 41. h4 Nxh4+ 42. Ke4 Rxc2 43. Rc5 Rxc3 44.
Rh5+ Kg6 45. Rxh4 Rg3 46. Kd5 Rg2 47. Kc5 Rb2 48. Rh3 Kg5 49. a4 Rb3 50. Rh1 bxa4 51. Kxc4 Kxg4 52. Ra1 Rb8 53. Rxa4 Kf5 54. Ra1 Ke6 55.
Ra6+ Kd7 56. Kd5 Rb5+ 57. Kc4 Rh5 58. d5 Rh1 59. Ra7+ Kd6 60. Ra6+ Kd7 61. Ra5 Rc1+ 62. Kd4 Rd1+ 63. Kc5 Rc1+ 64. Kb6 Rd1 65. Kc5 Rc1+ 66. Kd4 Rd1+ 67. Ke5 Re1+ 68. Kd4 Rd1+ 1/2-1/2

[Event "*** Titled Tuesday Blitz"]
[Site "Chess.com"]
[Date "2018.05.01"]
[Round "1"]
[White "Didici"]
[Black "Synctel"]
[Result "1-0"]
[WhiteElo "2419"]
[BlackElo "1918"]
[TimeControl "180+2"]
[EndTime "13:11:01 PDT"]
[Termination "Didici won by resignation"]

1. d4 e6 2. c4 Nf6 3. Nc3 d5 4. cxd5 exd5 5. Bg5 Be7 6. e3 O-O 7. Bd3 c6 8. Nge2 Re8 9. O-O Nbd7 10. f3 Nf8 11. Bh4 Ng6 12. Bf2 Bb4 13. h3 Ba5 14. Qc1 Qe7 15. e4 dxe4 16. fxe4 Bb6 17. e5 Nd5 18.
Ne4 Be6 19. Nd6 Red8 20. Nc3 Nxc3 21. bxc3 f6 22. Nf5 Bxf5 23. Bxf5 fxe5 24. Re1 Qf6 25.
Bxg6 Qxg6 26. Rxe5 Bc7 27. Rg5 Qd6 28. Bg3 Qd7 29. Qe1 Bxg3 30. Qxg3 Re8 31. Rf1 Re2 32. Rf2 Rae8 33. Kh2 R2e3 34. Rf3 Re2 35. Rf2 R2e3 36. Qf4 Qe7 37. h4 Re4 38. Qf5 h6 39. Rg4 Rxg4 40.
Qxg4 Qe3 41. Qf5 Qe7 42. g3 Rf8 43. Qxf8+ Qxf8 44. Rxf8+ Kxf8 45. h5 Ke7 46. Kh3 Kd6 47. Kg4 Kd5 48. Kf5 Kc4 49. Kg6 Kxc3 50. Kxg7 Kxd4 51.
Kxh6 c5 52. Kg7 c4 53. h6 c3 54.
h7 c2 55. h8=Q c1=Q 56. g4 Ke5 57. Kg6+ Ke4 58. g5 Qc6+ 59. Qf6 Qe8+ 60. Qf7 Qc6+ 61. Kh7 Ke5 62. g6 Qh1+ 63. Kg8 Qh3 64. Qe7+ Kd5 65. g7 Qc8+ 66. Kf7 Qf5+ 67. Qf6 Qd7+ 68. Kg6 Qg4+ 69.
Kh7 Qh3+ 70. Qh6 Qf5+ 71. Qg6 Qh3+ 72. Kg8 Qc8+ 73. Kf7 Qd7+ 74. Kf8 Qd8+ 75. Qe8 Qd7 76. Qxd7+ 1-0

[Event "*** Titled Tuesday Blitz"]
[Site "Chess.com"]
[Date "2018.05.01"]
[Round "1"]
[White "windking123"]
[Black "Bryakin_Mikhail"]
[Result "1-0"]
[WhiteElo "2306"]
[BlackElo "2598"]
[TimeControl "180+2"]
[EndTime "13:11:02 PDT"]
[Termination "windking123 won by resignation"]

1. d4 d5 2. Nf3 Nf6 3. c4 c6 4. e3 Bf5 5. Nc3 e6 6. Bd3 Bg6 7. O-O Nbd7 8. Re1 dxc4 9. Bxc4 Bd6 10. e4 e5 11. d5 c5 12. Nh4 O-O 13. Nf5 Nb6 14.
b3 a6 15. Bg5 Nc8 16. a4 h6 17. Bh4 b6 18. Qf3 Bxf5 19. exf5 Be7 20. Rxe5 Ne8 21.
Rxe7 Nxe7 22. d6 Nxd6 23. f6 Ng6 24. fxg7 Qxh4 25.
gxf8=Q+ Rxf8 26. g3 Qg5 27. Bxa6 Qe5 28. Rd1 Nf5 29. Ne2 Re8 30. Bc4 Re7 31. h4 Nd4 32. Nxd4 cxd4 33. h5 Nf8 34. Qg4+ Kh8 35. Qxd4 Kg7 36.
Qxe5+ Rxe5 37. g4 Rg5 38. f3 Ne6 39. Bxe6 fxe6 40. Rd6 e5 41. Rxb6 e4 42. fxe4 Rxg4+ 43. Kf2 Rxe4 44. Rb5 Kf6 45. Kf3 Rh4 46. a5 Rh1 47.
Ke4 Ke6 48. Kd3 Kd6 49. Rb6+ Kc5 50. b4+ Kd5 51. Rxh6 Rh3+ 52. Ke2 Kc4 53. Rb6 Rxh5 54. a6 Rh1 55. Ke3 Ra1 56. Ke4 Re1+ 57. Kf5 Kd5 58. b5 Rf1+ 59. Kg4 Kc5 60. Rb7 Rf8 61. a7 Ra8 62.
Kf5 Kd6 63. Ke4 Kc5 64. Ke5 Re8+ 65. Kf6 Ra8 66. Ke7 Rh8 67. Ke6 Rh6+ 68. Ke5 Rh5+ 69. Ke4 Rh4+ 70. Ke3 Rh3+ 71. Kd2 Ra3 72. b6 Kc6 73.
Rb8 Ra2+ 74. Kd3 Ra3+ 75. Kc4 Ra4+ 76. Kb3 Ra2 77. Kxa2 1-0